 Dungeon Crawl Stone Soup version 0.30-a0-879-ga8ba668304 (webtiles) character file.

Game seed: 1842116600129085787

3965808 Valamore the Acrobat (level 27, 201/228 HPs)
             Began as a Djinni Necromancer on Mar 13, 2023.
             Was a High Priest of Ashenzari.
             Escaped with the Orb
             ... and 6 runes!
             The game lasted 03:18:48 (77934 turns).

Valamore the Acrobat (Djinni Necromancer)          Turns: 77934, Time: 03:18:48

Health: 201/228    AC: 56    Str: 18    XL:     27
Gold:   3904       EV: 14    Int: 39    God:    Ashenzari [*****.] SH: 35 Dex: 15

rFire   + + +      SeeInvis +    R - +5 spear "Paranoia of Ashenzari" {holy, rElec rC+ Int+2 Stlth-, Self, Melee} (curse)
rCold   + + .      Faith    .    B - +10 tower shield of Ignorance {rN+ Int-4, Fort, Self} (curse)
rNeg    + + .      Spirit   .    M - +8 orange crystal plate armour {Archmagi, Int+3 Clar, Cun, Self} (curse)
rPois   ∞          Reflect  .    U - +3 crown of Dyrovepreva {rElec Int+2 SInv, Cun, Fort} (curse)
rElec   +          Rampage  .    a - +4 dragonskin cloak {Evo, Self} (curse)
rCorr   +          Archmagi +    b - +2 pair of gloves "Astral Failure" {Melee, Fort} (curse)
Will    ++...      Clarity  +    (boots unavailable) Stlth
                                 n - macabre finger necklace {Finger+ rN+, Melee, Evo} (curse)
HPRegen 0.58/turn                S - ring of Meseto Mai {rF++ rC+ rCorr Str+4 Slay+3}
MPRegen 0.00/turn                u - ring of the Celestial Idealism {*Corrode rElec rPois Str+7 Int+6, Fort, Self} (curse)
                                 q - ring "Pibureox" {rElec rC+ rCorr AC+4}

@: flying, studying 2 skills
A: sickness immunity, fire resistance 2, cold vulnerability 1, float, innate
caster, HP casting, extra vitality 1, MP-powered wands
0: Orb of Zot
}: 6/15 runes: decaying, slimy, silver, iron, abyssal, gossamer
a: Renounce Religion, Curse Item, Shatter the Chains


You escaped.
You worshipped Ashenzari.
Ashenzari was extremely pleased with you.
You visited 13 branches of the dungeon, and saw 61 of its levels.
You visited the Abyss 3 times.
You visited 1 ziggurat, and saw 20 of its levels.
You also visited: Volcano.

You collected 11376 gold pieces.
You spent 7472 gold pieces at shops.

Inventory:

Hand Weapons
 E - the +7 Spriggan's Knife {stab, EV+4 Stlth+}
   (You found it on level 20 of a ziggurat)

   Stab:      It is more effective when stabbing unaware enemies, sometimes
   treating them as though they were completely helpless.
   EV:        It affects your evasion (+4).
   Stlth:     It makes you more stealthy.
 R - the cursed +5 spear "Paranoia of Ashenzari" (weapon) {holy, rElec rC+ Int+2 Stlth-, Self, Melee}
   (You found it on level 3 of the Lair of Beasts)

   Int:       It affects your intelligence (+2).
   rC:        It protects you from cold.
   rElec:     It insulates you from electricity.
   Stlth:     It makes you less stealthy.
   It has a curse which improves the following skills: Introspection: Fighting
   and Spellcasting.
   Melee Combat: Short Blades, Long Blades, Axes, Maces & Flails, Polearms,
   Staves and Unarmed Combat.
Missiles
 d - 3 throwing nets
Armour
 a - the cursed +4 dragonskin cloak (worn) {Evo, Self}
   (You took it off Tiamat on level 3 of the Realm of Zot)

   Avatar's Aegis: It grants the wearer a chance to resist fire, cold, poison,
   electricity, acid, and negative energy.
   It has a curse which improves the following skills: Evocations: Evocations.
   Introspection: Fighting and Spellcasting.
 b - the cursed +2 pair of gloves "Astral Failure" (worn) {Melee, Fort}
   (You found it on level 1 of the Dungeon)

   It has a curse which improves the following skills: Melee Combat: Short
   Blades, Long Blades, Axes, Maces & Flails, Polearms, Staves and Unarmed
   Combat.
   Fortitude: Armour and Shields.
 B - the cursed +10 tower shield of Ignorance (worn) {rN+ Int-4, Fort, Self}
   (You bought it in a shop on level 1 of the Depths)

   Int:       It affects your intelligence (-4).
   rN:        It protects you from negative energy.
   It has a curse which improves the following skills: Fortitude: Armour and
   Shields.
   Introspection: Fighting and Spellcasting.
 M - the cursed +8 orange crystal plate armour (worn) {Archmagi, Int+3 Clar, Cun, Self}
   (You bought it in a shop on level 6 of the Dungeon)

   Int:       It affects your intelligence (+3).
   Clar:      It protects you against confusion.
   It has a curse which improves the following skills: Cunning: Dodging and
   Stealth.
   Introspection: Fighting and Spellcasting.
 U - the cursed +3 crown of Dyrovepreva (worn) {rElec Int+2 SInv, Cun, Fort}
   (You found it on level 5 of the Pits of Slime)

   Int:       It affects your intelligence (+2).
   rElec:     It insulates you from electricity.
   SInv:      It lets you see invisible.
   It has a curse which improves the following skills: Cunning: Dodging and
   Stealth.
   Fortitude: Armour and Shields.
Jewellery
 e - the ring "Meloufiawn" {Wiz Int+6}
   (You bought it in a shop on level 2 of the Orcish Mines)

   [ring of wizardry]

   It improves your spell success rate.
   Int:       It affects your intelligence (+6).
 n - the cursed macabre finger necklace (around neck) {Finger+ rN+, Melee, Evo}
   (You found it on level 10 of a ziggurat)

   [amulet of nothing]

   Finger+:   It enables you to equip an extra ring.
   rN:        It protects you from negative energy.
   It has a curse which improves the following skills: Melee Combat: Short
   Blades, Long Blades, Axes, Maces & Flails, Polearms, Staves and Unarmed
   Combat.
   Evocations: Evocations.
 q - the ring "Pibureox" (on amulet) {rElec rC+ rCorr AC+4}
   (You bought it in a shop on level 8 of the Dungeon)

   [ring of protection]

   AC:        It affects your AC (+4).
   rC:        It protects you from cold.
   rElec:     It insulates you from electricity.
   rCorr:     It protects you from acid and corrosion.
 u - the cursed ring of the Celestial Idealism (right hand) {*Corrode rElec rPois Str+7 Int+6, Fort, Self}
   (You acquired it on level 8 of the Dungeon)

   [ring of intelligence]

   Str:       It affects your strength (+7).
   Int:       It affects your intelligence (+6).
   rElec:     It insulates you from electricity.
   rPois:     It protects you from poison.
   *Corrode:  It may corrode you when you take damage.
   It has a curse which improves the following skills: Fortitude: Armour and
   Shields.
   Introspection: Fighting and Spellcasting.
 y - the ring "Daofruogen" {rPois Stlth+}
   (You found it on level 5 of the Vaults)

   [ring of poison resistance]

   rPois:     It protects you from poison.
   Stlth:     It makes you more stealthy.
 A - the ring of Qupsys {rN+ EV+5}
   (You found it on level 3 of a ziggurat)

   [ring of evasion]

   EV:        It affects your evasion (+5).
   rN:        It protects you from negative energy.
 S - a ring of Meseto Mai (left hand) {rF++ rC+ rCorr Str+4 Slay+3}
   (You found it on level 17 of a ziggurat)

   [ring of resist corrosion]

   Str:       It affects your strength (+4).
   Slay:      It affects your accuracy & damage with ranged weapons and melee
   (+3).
   rF:        It greatly protects you from fire.
   rC:        It protects you from cold.
   rCorr:     It protects you from acid and corrosion.
 V - a ring of protection from cold
Wands
 i - a wand of polymorph (57)
 l - a wand of iceblast (34)
 v - a wand of digging (21)
 P - a wand of mindburst (55)
 T - a wand of paralysis (40)
 Y - a wand of acid (59)
Scrolls
 f - 12 scrolls of fear
 g - 7 scrolls of silence
 p - 6 scrolls of torment
 s - 6 scrolls of brand weapon
 t - 42 scrolls of teleportation
 z - 12 scrolls of blinking
 D - 11 scrolls of enchant weapon
 F - 11 scrolls of immolation
 G - 15 scrolls of poison
 N - 13 scrolls of magic mapping
 X - 2 scrolls of summoning
 Z - 11 scrolls of fog
Potions
 h - 7 potions of haste
 j - 13 potions of brilliance
 k - 7 potions of ambrosia
 m - 12 potions of might
 o - 20 potions of cancellation
 r - 7 potions of resistance
 w - 11 potions of heal wounds
 H - 3 potions of invisibility
 I - 8 potions of lignification
 J - 15 potions of mutation
 K - 6 potions of berserk rage
 L - 13 potions of attraction
 O - 33 potions of curing
Miscellaneous
 c - a condenser vane
 x - a tin of tremorstones (2/2)
 C - a phial of floods
 Q - a box of beasts
 W - a phantom mirror


   Skills:
 - Level 22.7(27) Fighting
 - Level 9.5(14.0) Polearms
 + Level 14.0 Throwing
 - Level 23.6(27) Armour
 - Level 24.5(27) Dodging
 - Level 1.5(3.8) Stealth
 - Level 22.7(27) Shields
 - Level 22.0(27) Spellcasting
 + Level 16.4(19.7) Evocations


You knew the following spells:

 Your Spells              Type           Power      Damage    Failure   Level
a - Lehudib's Crystal Sp  Conj/Erth      78%        10d18     1%          8
b - Shatter               Erth           78%        3d57*     7%          9
c - Fire Storm            Conj/Fire      78%        8d20      7%          9
d - Agony                 Necr           100%       N/A       0%          5
e - Necrotise             Necr           100%       1d9       0%          1
f - Call Imp              Summ           100%       N/A       0%          2
g - Gell's Gravitas       Tloc           100%       N/A       0%          3
h - Petrify               Tmut/Erth      100%       N/A       0%          4
i - Freezing Cloud        Conj/Ice/Air   78%        6-21      0%          5
j - Yara's Violent Unrav  Hex/Tmut       78%        3d29      0%          5
k - Death Channel         Necr           78%        N/A       0%          6
l - Summon Cactus Giant   Summ           78%        N/A       0%          6
m - Conjure Ball Lightni  Conj/Air       78%        3x3d30    0%          6
n - Discord               Hex            78%        N/A       1%          8
o - Sandblast             Erth           100%       2d20      0%          1
p - Vampiric Draining     Necr           100%       2d13      0%          3
q - Animate Dead          Necr           100%       N/A       0%          4
Your spell library was empty.

Dungeon Overview and Level Annotations

Branches:
Dungeon (15/15)            Temple (1/1) D:5            Lair (5/5) D:10
  Swamp (4/4) Lair:3       Spider (4/4) Lair:3        Slime (5/5) Lair:5
    Orc (2/2) D:10            Elf (3/3) Orc:2        Vaults (5/5) D:14
  Crypt (0/3) Vaults:2     Depths (4/4) D:15           Hell (visited)
    Dis (7/7) Hell            Geh (0/7) Hell            Coc (0/7) Hell
    Tar (0/7) Hell            Zot (5/5) Depths:4    Volcano (visited)

Altars:
Ashenzari
Cheibriados
Dithmenos
Elyvilon
Fedhas
Gozag
Hepliaklqana
Makhleb
Nemelex Xobeh
Okawaru
Qazlal
Ru
Trog
Uskayaw
Wu Jian
Xom
Yredelemnul
Zin
The Shining One
Jiyva

Shops:
D:4 (   D:6 *   D:8 *=*   D:10 *!   D:13 (   Orc:2 =*(   Vaults:1 (
Vaults:4 ((!   Vaults:5 :   Depths:1 [   Depths:3 *

Portals:
Hell: Depths:1 Depths:2 Depths:3 Depths:4
Abyss: Depths:3 Depths:4
Pandemonium: Depths:2

Annotations:
D:3 1 runed translucent door, Crazy Yiuf
D:12 1 runed translucent door, Melaqoaz's ghost, journeyman HuWn
D:14 exclusion: simulacrum
Lair:5 exclusions: door and obsidian statue
Swamp:3 Nikola
Spider:2 exclusion: ghost moth
Elf:2 3 runed translucent doors
Vaults:3 2 runed translucent doors, Qeunemit's ghost, adept GrFi


Innate Abilities, Weirdness & Mutations

You are immune to sickness and miasma.
You are immune to poison.
Your flesh is very heat resistant. (rF++)
You are vulnerable to cold. (rC-)
You float through the air rather than walking.
You learn spells naturally, not from books.
Your magical power is your life essence.
You have superior vitality. (+4 MHP)
You expend health (3 HP) to strengthen your wands.


Message History

(Z) Zot
Where to? (Enter - D:1 @ (x,y), ? - help)
What level of the Dungeon? (default 1, ? - help) HP restored.
A hellion comes into view.
Casting: Fire Storm (dangerous; 7% risk of failure)
Confirm with . or Enter, or press ? or * to list all spells.
You feel a surge of power!
The dungeon rumbles!
You kill the hellion!
Ka-crash!
There is a dry fountain here.
A chaos spawn comes into view.
The chaos spawn buzzes angrily.
The chaos spawn moves out of view.
Casting: Shatter (dangerous; 7% risk of failure)
Confirm with . or Enter, or press ? or * to list all spells.
You feel a surge of power!
The dungeon rumbles!
You kill the chaos spawn!
The chaos spawn degenerates into a cloud of primal chaos!
Ka-crash!
Casting: Shatter (dangerous; 7% risk of failure)
Confirm with . or Enter, or press ? or * to list all spells.
You feel a surge of power!
The dungeon rumbles!
Ka-crash!
Casting: Shatter (dangerous; 7% risk of failure)
Confirm with . or Enter, or press ? or * to list all spells.
You feel a surge of power!
The dungeon rumbles!
Ka-crash!
Casting: Shatter (dangerous; 7% risk of failure)
Confirm with . or Enter, or press ? or * to list all spells.
You feel a surge of power!
The dungeon rumbles!
Ka-crash!
Casting: Shatter (dangerous; 7% risk of failure)
Confirm with . or Enter, or press ? or * to list all spells.
You feel a surge of power!
The dungeon rumbles!
Ka-crash!
There is a staircase leading out of the dungeon here.
You have escaped!

###.###.# #.#####
#.# #.###†## # #.#
#.##.#.## # #.#
#.###...# # #.#
#.# ##..# # #.#
#.# #..# # ### ###
####
############.#.###
#@.#....#....#.)..
##..##..#..#......
#................#
###....##.........
###........#...#.
##.#..#.#.#...#...
#.#.....##.#......
#..##..#..##......
##...##.#....#....


There were no monsters in sight!

Vanquished Creatures
  A pandemonium lord (Zig:13)
  2 seraphim
  Dispater (Dis:7)
  7 dread liches
  16 orbs of fire
  Tiamat (Zot:3)
  5 ancient liches
  Mennas (Depths:3)
  The ghost of BubbleThief the Conqueror, a master HOFi of the Shining One (Elf:3)
  2 juggernauts
  13 royal mummies
  A shard shrike (Zig:5)
  The ghost of Hiliwumm the Slayer, a veteran MiGl of Okawaru (Elf:3)
  Frederick (Depths:3)
  5 Killer Klowns
  Geryon (Hell)
  34 caustic shrikes
  5 curse toes
  11 golden dragons
  A profane servitor (Zig:19)
  2 bone dragons
  A Brimstone Fiend (Zig:13)
  5 electric golems
  4 iron giants
  14 Hell Sentinels
  Zenata (Vaults:2)
  2 hellephants (Zig:20)
  28 Orb Guardians
  16 tentacled monstrosities
  7 liches
  6 titans
  Asterion (Vaults:1)
  2 deep elf master archers
  A walking crystal tome (Depths:2)
  15 acid blobs
  The ghost of Kyerol the Warrior, an adept TeSu of Ashenzari (Elf:3)
  5 quicksilver dragons
  5 searing wretches (Hell)
  An acid blob (shapeshifter) (Vaults:5)
  A walking divine tome (Depths:3)
  7 sphinxes
  12 tentacled starspawn
  8 death cobs
  A thorn hunter (Swamp:3)
  8 shadow dragons
  10 ancient champions
  15 storm dragons
  15 tengu reavers
  Roxanne (D:15)
  Donald (Swamp:2)
  3 demonspawn warmongers
  A fenstrider witch (Zig:14)
  5 nagarajas
  8 draconian knights (Zot:3)
  11 fire giants
  A daeva (Zot:1)
  The ghost of Vatovie the Impaler, a journeyman MiBe of Trog (Elf:3)
  11 rockslimes
  11 draconian monks
  8 azure jellies
  5 frost giants
  An iron dragon (Dis:3)
  23 vault wardens
  5 emperor scorpions
  13 draconian scorchers
  6 ghost moths
  A juggernaut zombie (Hell)
  9 deep elf sorcerers
  3 angels
  9 balrugs
  8 draconian stormcallers
  6 draconian shifters
  9 quicksilver elementals
  2 caustic shrike zombies (Hell)
  A cacodemon (Hell)
  2 deep elf elementalists
  4 ghouls
  4 spriggan defenders
  13 draconian annihilators
  24 war gargoyles
  A demonspawn corrupter (Zig:13)
  3 demonspawn blood saints
  6 ironbound thunderhulks
  2 orc warlords
  6 reapers
  9 quicksilver oozes
  19 ironbound preservers
  2 broodmothers (Zig:9)
  16 green draconians
  14 stone giants
  28 very ugly things
  A lorocyproca (Zig:13)
  A demonspawn black sun (Zig:13)
  Azrael (D:15)
  13 white draconians
  9 purple draconians
  2 bunyips
  17 red draconians
  15 yellow draconians
  6 dire elephants
  A wendigo (Zig:5)
  10 deep elf demonologists
  12 black draconians
  4 eleionomae
  3 vampire knights (Depths:2)
  9 deep elf annihilators
  7 spark wasps
  11 blizzard demons
  2 merfolk javelineers
  An eidolon (Zig:19)
  9 iron golems
  4 deep elf death magi
  2 bunyips (shapeshifter)
  6 mummy priests
  6 entropy weavers
  4 crystal guardians
  2 green deaths (Zig:13)
  22 ettins
  8 fire dragons
  A kraken zombie (Hell)
  5 deep elf high priests
  Josephine (D:11)
  11 great orbs of eyes
  An ice dragon (shapeshifter) (Depths:2)
  2 rakshasas
  5 jorogumos
  30 yaktaur captains
  A radroach (shapeshifter) (Depths:2)
  38 vault guards
  27 hydras
  7 ice dragons
  An ogre mage (D:12)
  4 spriggan air magi
  An anaconda (shapeshifter) (Depths:3)
  4 ghost crabs
  Erica (D:11)
  16 centaur warriors
  9 ironbound frosthearts
  A catoblepas (Zig:20)
  9 boulder beetles
  2 radroaches
  3 spriggan skeletons
  3 merfolk aquamancers
  7 alligators
  9 two-headed ogres
  An alligator snapping turtle (Zig:14)
  6 hell hogs (Hell)
  A stoker (Hell)
  19 deep troll earth magi
  2 vampire magi (Depths:1)
  4 death scarabs
  13 tengu warriors
  6 dancing weapons
  A shock serpent (shapeshifter) (Zig:16)
  6 death yaks (Lair:2)
  3 orc high priests (Orc:2)
  6 spriggan berserkers
  13 large abominations
  A naga sharpshooter (Zig:14)
  8 deep troll shamans
  8 thrashing horrors
  7 hell knights (Depths:3)
  7 deep elf knights
  Nergalle (Lair:2)
  4 soul eaters
  9 sun demons
  Urug (Orc:2)
  12 crystal echidnas
  A storm dragon zombie (Hell)
  A shadow wraith (Abyss:2)
  2 skysharks (Zig:20)
  A sun moth (Spider:4)
  6 pharaoh ants
  2 spatial maelstroms
  9 wretched stars
  6 fire crabs
  5 goliath frogs
  15 iron trolls
  6 sixfirhies
  3 sea snakes (Zig:6)
  3 flayed ghosts
  A titan skeleton (Vaults:4)
  A salamander mystic (Zig:7)
  8 spriggan druids
  63 deep trolls
  3 glowing orange brains
  5 swamp dragons
  An orange crystal statue (Hell)
  14 lindwurms
  2 cherubim
  11 wizards
  7 bog bodies
  6 deep elf archers
  5 steelbarb worms
  7 orc knights
  A golden dragon skeleton (Zig:18)
  A lindwurm (shapeshifter) (Vaults:1)
  3 harpies (Zig:6)
  3 tengu zombies
  11 phantasmal warriors
  10 orb spiders
  19 ironbound convokers
  21 deep elf zephyrmancers
  3 anaconda zombies (Hell)
  2 iron dragon zombies
  A mana viper (shapeshifter) (Vaults:5)
  14 starcursed masses
  3 shadow dragon zombies
  18 deep elf pyromancers
  An oklob plant (Lair:3)
  4 will-o-the-wisps
  6 orc sorcerers
  7 necromancers
  36 ugly things
  A sphinx skeleton (Zig:17)
  A stone giant zombie (Hell)
  12 wolf spiders
  An iron dragon skeleton (Zig:18)
  2 manticores
  3 fauns (Zig:6)
  4 shining eyes (Slime:5)
  26 moths of wrath
  3 cyclopes
  A centaur zombie (Abyss:2)
  6 black mambas
  2 human skeletons (Vaults:5)
  10 elephants
  A guardian serpent (shapeshifter) (D:14)
  A merfolk siren (Zig:6)
  4 rust devils
  18 vault sentinels
  9 torpor snails
  3 apocalypse crabs
  2 guardian serpents (Zig:14)
  10 smoke demons
  10 demonic crawlers
  An ice statue (Hell)
  2 eyes of devastation
  A dire elephant zombie (Lair:5)
  6 water nymphs
  A gargoyle (D:9)
  3 orange demons
  15 cane toads
  A torpor snail (shapeshifter) (Zig:19)
  An unseen horror (D:10)
  6 hellions
  27 yaktaurs
  8 efreet
  A yaktaur zombie (Vaults:4)
  A freezing wraith (Hell)
  A dire elephant skeleton (Lair:5)
  4 rime drakes
  A komodo dragon (shapeshifter) (Zig:16)
  19 guardian mummies
  A golden dragon simulacrum (Zig:17)
  An ice devil (Hell)
  7 tormentors
  11 komodo dragons
  A sea snake zombie (Hell)
  A merfolk (shapeshifter) (Depths:2)
  4 tengu conjurers
  3 red devils
  A queen bee (shapeshifter) (D:14)
  3 hydra zombies (Hell)
  A yaktaur skeleton (Vaults:2)
  12 meliai
  A hornet (shapeshifter) (Vaults:5)
  10 ancient zymes
  16 hornets
  2 hellwings
  A polar bear (shapeshifter) (Depths:2)
  8 tyrant leeches
  10 tarantellas
  4 polar bears
  A sea snake skeleton (Hell)
  6 trolls
  2 wind drakes (shapeshifter)
  5 merfolk (Zig:6)
  An alligator zombie (Hell)
  A bloated husk (Swamp:4)
  A hydra skeleton (Hell)
  16 blink frogs
  13 raiju
  A snapping turtle (Zig:6)
  A dream sheep (Zig:20)
  6 flying skulls
  8 spriggans
  10 culicivoras
  3 air elementals
  6 small abominations
  49 yaks
  17 jumping spiders
  78 slime creatures
  5 wyverns
  A water elemental (D:12)
  A spriggan (shapeshifter) (D:14)
  7 wraiths
  15 ushabtiu
  A yak (shapeshifter) (D:15)
  37 fire elementals
  4 basilisks
  6 neqoxecs
  A redback (shapeshifter) (Zig:16)
  39 redbacks
  3 chaos spawn
  4 golden eyes (Abyss:4)
  12 vampire mosquitoes
  A glowing shapeshifter zombie (Hell)
  A death yak simulacrum (Lair:5)
  3 wargs
  16 swamp worms
  2 spectral cane toads (Lair:5)
  5 acid dragons
  20 water moccasins
  14 hell hounds
  3 floating eyes
  A glowing shapeshifter skeleton (Zig:18)
  32 orc warriors
  An elf simulacrum (Vaults:5)
  An ice beast (D:8)
  A sky beast (D:7)
  7 swamp drakes (Swamp:4)
  2 orc zombies
  3 black bears
  18 wolves
  7 boggarts
  12 centaurs
  11 ogres
  A phantom (D:6)
  3 kobold brigands
  11 bullfrogs
  A human zombie (Vaults:4)
  2 gnoll sergeants
  2 scorpions
  2 earth elementals
  An elephant simulacrum (Lair:5)
  7 killer bees
  5 howler monkeys
  4 electric eels
  A crimson imp (Abyss:4)
  A quasit (Abyss:2)
  4 gnoll boudas
  4 jellies
  16 orc priests
  10 hounds
  A hound (shapeshifter) (Vaults:5)
  Natasha (twice) (D:3)
  2 iguanas
  A sleepcap (D:4)
  26 orc wizards
  4 ogre zombies (D:15)
  36 mummies
  22 gnolls
  5 adders
  2 shadow imps
  5 white imps
  3 ufetubi
  2 worms (D:4)
  3 dart slugs
  56 orcs
  6 endoplasms
  7 giant cockroaches
  4 goblins
  9 hobgoblins
  2 jackals (D:2)
  22 kobolds
  4 quokkas
  8 ball pythons
  3 bats (D:1)
  3 frilled lizards
  4 rats
  A ball lightning (Vaults:1)
  A briar patch (Swamp:4)
  4 bushes (Lair:3)
  A creeping inferno (Hell)
  5 fire vortices
  A lurking horror (Abyss:4)
  14 pillars of salt (Vaults:2)
  A starspawn tentacle (Abyss:2)
  2 tentacles (Hell)
2700 creatures vanquished.

Vanquished Creatures (collateral kills)
  the Royal Jelly (Slime:5)
  A golden dragon (Depths:4)
  A bone dragon (Zig:19)
  An iron giant (Dis:7)
  2 tentacled monstrosities
  A lich (Depths:2)
  A deep elf blademaster (Elf:3)
  A thorn hunter (Swamp:4)
  A sphinx (Vaults:3)
  A tengu reaver (Vaults:1)
  3 fire giants
  A demonspawn warmonger (Zig:13)
  2 emperor scorpions (Spider:4)
  A deep elf sorcerer (Elf:3)
  2 deep elf elementalists (Elf:3)
  2 vault wardens
  An ironbound thunderhulk (Vaults:4)
  An ironbound preserver (Vaults:1)
  2 eleionomae
  5 very ugly things
  A green draconian (Depths:4)
  A white draconian (Zot:3)
  2 yellow draconians
  A bunyip (Swamp:2)
  2 spark wasps (Spider:2)
  A deep elf annihilator (Elf:3)
  2 dire elephants (Vaults:3)
  2 crystal guardians
  A deep elf death mage (Elf:3)
  3 entropy weavers
  A yaktaur captain (Vaults:4)
  3 deep elf high priests
  A rakshasa (Depths:1)
  5 peacekeepers
  5 hydras
  2 vault guards (Elf:3)
  2 ogre magi
  A ghost crab (Swamp:4)
  A jorogumo (Spider:3)
  An ironbound frostheart (Vaults:4)
  5 boulder beetles
  2 alligators
  11 dancing weapons
  A deep elf knight (Elf:3)
  A skyshark (Lair:5)
  A goliath frog (Swamp:2)
  A tengu zombie (Vaults:2)
  A wizard (Vaults:4)
  2 bog bodies (Swamp:2)
  2 deep elf archers (Elf:3)
  An ironbound convoker (Vaults:2)
  4 deep trolls
  3 steelbarb worms
  6 swamp dragons
  A lindwurm (Vaults:2)
  4 deep elf pyromancers
  2 necromancers
  3 wolf spiders
  2 ugly things (Depths:2)
  A cyclops (D:15)
  A will-o-the-wisp (Swamp:2)
  2 elephants (Lair:4)
  A human skeleton (Vaults:2)
  2 black mambas
  A moth of wrath (Zot:4)
  5 slime creatures
  2 vault sentinels (Vaults:4)
  3 demonic crawlers
  A storm dragon simulacrum (Vaults:4)
  A cane toad (Lair:1)
  3 yaktaurs (Vaults:4)
  A freezing wraith (Vaults:4)
  A tyrant leech (Swamp:3)
  2 polar bears
  A meliai (Spider:4)
  A blink frog (Lair:5)
  A hornet (Swamp:2)
  2 jumping spiders (Spider:1)
  An air elemental (Elf:3)
  A spriggan (Swamp:4)
  2 water elementals
  4 culicivoras
  13 yaks
  A neqoxec (Abyss:1)
  A golden eye (Zig:10)
  2 basilisks
  3 redbacks
  A vampire mosquito (Swamp:3)
  A spectral cane toad (Lair:5)
  2 swamp worms
  4 water moccasins
  A deep troll simulacrum (Vaults:2)
  2 orc warriors
  3 swamp drakes (Swamp:4)
  An elephant zombie (Lair:5)
  An ogre (D:15)
  2 earth elementals
  A necrophage (Swamp:3)
  A killer bee (D:8)
  A human simulacrum (Vaults:2)
  An orc priest (D:5)
  A starcursed mass (Zig:19)
  2 orc wizards (Orc:1)
  A gnoll (Orc:2)
  2 orcs (Orc:1)
  11 ball lightnings
  2 butterflies (Lair:1)
223 creatures vanquished.

Vanquished Creatures (others)
  Arachne (Spider:2)
  A draconian knight (Zig:12)
  An ironbound preserver (Vaults:3)
  A deep elf demonologist (Vaults:4)
  A purple draconian (Zot:3)
  A fire dragon (Depths:4)
  A spriggan air mage (Depths:2)
  An alligator (Swamp:1)
  A deep elf pyromancer (Elf:2)
  A vault sentinel (Vaults:4)
  A bloated husk (Swamp:2)
  2 two-headed ogre zombies (D:15)
  A cane toad zombie (Lair:5)
  A swamp drake (Swamp:4)
  6 blink frog zombies
  A cyclops zombie (Orc:2)
  9 yak zombies
  4 wolf zombies (Lair:5)
  A bullfrog zombie (D:8)
  A basilisk zombie (Lair:5)
  2 ogre zombies
  6 kobold zombies (D:8)
  10 orc zombies
  282 ball lightnings
  A demonic plant (Abyss:2)
  177 fire vortices
  20 foxfires
  50 fungi
  3 pillars of salt (Vaults:2)
  40 plants
  9 starspawn tentacles
  6 tentacles (Hell)
  25 withered plants (Lair:5)
668 creatures vanquished.

Grand Total: 3591 creatures vanquished

Notes
Turn   | Place    | Note
-------+----------+-------------------------------------------
     0 | D:1      | Valamore the Djinni Necromancer began the quest for the
                  | Orb.
     0 | D:1      | Valamore set off with the following spells memorised:
                  | Necrotise, Vampiric Draining, Animate Dead, Agony.
     0 | D:1      | Reached XP level 1. HP: 15/15 MP: 0/0
   143 | D:1      | Reached skill level 1 in Fighting
   143 | D:1      | Reached XP level 2. HP: 19/22 MP: 0/0
   527 | D:1      | Found a faded altar of an unknown god.
   651 | D:1      | Reached XP level 3. HP: 25/27 MP: 0/0
   651 | D:1      | Learned a level 1 spell: Sandblast
   938 | D:2      | Found a snail-covered altar of Cheibriados.
  1799 | D:3      | Noticed Natasha
  1804 | D:3      | Killed Natasha
  1805 | D:3      | Reached XP level 4. HP: 23/34 MP: 0/0
  1876 | D:3      | Found a snail-covered altar of Cheibriados.
  2095 | D:3      | Found an opulent altar of Gozag.
  2098 | D:3      | Found a hide-covered altar of Uskayaw.
  2098 | D:3      | Found a snail-covered altar of Cheibriados.
  2100 | D:3      | Found a sacrificial altar of Ru.
  2100 | D:3      | Found a white marble altar of Elyvilon.
  2100 | D:3      | Found a shimmering altar of Xom.
  2224 | D:3      | Reached XP level 5. HP: 37/39 MP: 0/0
  2224 | D:3      | Learned a level 2 spell: Call Imp
  2543 | D:3      | Noticed Natasha
  2547 | D:3      | Killed Natasha
  2604 | D:3      | Found a runed translucent door.
  2605 | D:3      | Noticed Crazy Yiuf
  3012 | D:4      | Reached XP level 6. HP: 23/46 MP: 0/0
  3262 | D:4      | Found Ylauta Luneo's Antique Weapon Emporium.
  3433 | D:4      | Identified the +0 kite shield "Cito" {rF+ Will++ Regen+
                  | MP-9}
  3714 | D:5      | Entered Level 5 of the Dungeon
  3839 | D:5      | Noticed a black bear
  4194 | D:5      | Reached skill level 5 in Spellcasting
  4239 | D:5      | Noticed an ogre
  4246 | D:5      | Killed an ogre
  4247 | D:5      | Reached XP level 7. HP: 47/52 MP: 0/0
  4247 | D:5      | Learned a level 3 spell: Gell's Gravitas
  4496 | D:5      | Found a staircase to the Ecumenical Temple.
  4609 | Temple   | Entered the Ecumenical Temple
  4651 | Temple   | Became a worshipper of Ashenzari the Shackled
  4836 | D:5      | Reached XP level 8. HP: 56/58 MP: 0/0
  5023 | D:6      | Found Pumicw's Assorted Antiques.
  5032 | D:6      | Bought a scroll labelled BEPTILOICK for 26 gold pieces
  5032 | D:6      | Bought a brown potion for 23 gold pieces
  5032 | D:6      | Bought a murky amethyst potion for 23 gold pieces
  5032 | D:6      | Bought a sedimented amethyst potion for 23 gold pieces
  5155 | D:6      | Reached skill level 5 in Fighting
  5198 | D:6      | Found a sparkling altar of Nemelex Xobeh.
  5209 | D:6      | Noticed a wyvern
  5213 | D:6      | Killed a wyvern
  5398 | D:6      | Found an opulent altar of Gozag.
  5963 | D:7      | Reached XP level 9. HP: 61/66 MP: 0/0
  5963 | D:7      | Learned a level 4 spell: Petrify
  7514 | D:8      | Found Ucin Dei's General Store.
  7523 | D:8      | Bought 2 scrolls of identify for 52 gold pieces
  7627 | D:8      | Identified a scroll of acquirement
  7627 | D:8      | Acquired the ring of Gluttony {*Corrode rElec rPois Str+7
                  | Int+6}
  7671 | D:8      | Found Loaclim's General Store.
  7710 | D:8      | Reached * piety under Ashenzari
  7997 | D:8      | Reached XP level 10. HP: 77/77 MP: 0/0
  8191 | D:8      | Found Allu Eno's Jewellery Emporium.
  8585 | D:9      | Noticed a two-headed ogre
  8592 | D:9      | Killed a two-headed ogre
  8684 | D:9      | Noticed a two-headed ogre
  8695 | D:9      | Killed a two-headed ogre
  8696 | D:9      | Reached skill level 10 in Spellcasting
  8849 | D:9      | Noticed a two-headed ogre
  8865 | D:9      | Killed a two-headed ogre
  8866 | D:9      | Reached skill level 1 in Shields
  8866 | D:9      | Reached XP level 11. HP: 79/85 MP: 0/0
  8866 | D:9      | Learned a level 5 spell: Freezing Cloud
  8899 | D:9      | Noticed a two-headed ogre
  8909 | D:9      | Killed a two-headed ogre
  9489 | D:10     | Entered Level 10 of the Dungeon
  9501 | D:10     | Noticed a green ugly thing
  9938 | D:10     | Found a staircase to the Lair.
  9946 | D:10     | Killed a green ugly thing
 10068 | D:10     | Found Winimukio's Distillery.
 10147 | D:10     | Bought a potion of heal wounds for 80 gold pieces
 10230 | D:10     | Found Kuthroqu's General Store.
 10476 | D:10     | Reached skill level 10 in Fighting
 10503 | D:10     | Found a staircase to the Orcish Mines.
 10933 | D:11     | Noticed a cyclops
 10934 | D:11     | Noticed Erica
 10943 | D:11     | Killed a cyclops
 10944 | D:11     | Reached XP level 12. HP: 34/94 MP: 0/0
 11125 | D:11     | Killed Erica
 11126 | D:11     | Reached skill level 5 in Shields
 11501 | D:11     | Noticed Josephine
 11520 | D:11     | Killed Josephine
 11764 | Lair:1   | Entered Level 1 of the Lair of Beasts
 12849 | Lair:2   | Found a dark tunnel.
 12854 | Volcano  | Entered a volcano
 13267 | Volcano  | Identified the +1 hammer of Luan {venom, rPois Will+ Dex+3}
 13345 | Lair:2   | Reached XP level 13. HP: 100/102 MP: 0/0
 13345 | Lair:2   | Learned a level 5 spell: Yara's Violent Unravelling
 13353 | Lair:2   | Noticed a five-headed hydra
 13358 | Lair:2   | Killed a five-headed hydra
 13363 | Lair:2   | Noticed Nergalle
 13370 | Lair:2   | Killed Nergalle
 13438 | Lair:2   | Noticed a seven-headed hydra
 13447 | Lair:2   | Killed a seven-headed hydra
 13769 | Lair:2   | Reached skill level 10 in Shields
 14507 | Lair:3   | Reached ** piety under Ashenzari
 14829 | Lair:3   | Identified the +5 spear of Seysuem {holy, rElec rC+ Int+2
                  | Stlth-}
 14836 | Lair:3   | Reached skill level 3 in Dodging
 14875 | Lair:3   | Reached *** piety under Ashenzari
 14927 | Lair:3   | Reached skill level 1 in Polearms
 14928 | Lair:3   | Reached skill level 4 in Dodging
 15106 | Lair:3   | Reached XP level 14. HP: 112/112 MP: 0/0
 15264 | Lair:3   | Found a hole to the Spider Nest.
 15275 | Lair:3   | Reached skill level 5 in Dodging
 15416 | Lair:3   | Found a staircase to the Swamp.
 15516 | Lair:4   | Reached skill level 6 in Dodging
 15767 | Lair:4   | Reached skill level 7 in Dodging
 16148 | Lair:5   | Entered Level 5 of the Lair of Beasts
 16160 | Lair:5   | Found a staircase to the Slime Pits.
 16160 | Lair:5   | Found a viscous altar of Jiyva.
 16215 | Lair:5   | Reached skill level 5 in Polearms
 16353 | Lair:5   | Reached skill level 8 in Dodging
 16514 | Lair:5   | Noticed a dire elephant
 16514 | Lair:5   | Noticed a dire elephant
 16514 | Lair:5   | Noticed a dire elephant
 16608 | Lair:5   | Reached skill level 9 in Dodging
 16825 | Lair:5   | Reached XP level 15. HP: 118/118 MP: 0/0
 16825 | Lair:5   | Learned a level 6 spell: Death Channel
 17068 | Lair:5   | Identified the +7 trident of Ekhyneb {freeze, +Blink Str+4
                  | Dex-4}
 17986 | D:12     | Reached skill level 10 in Dodging
 19068 | D:12     | Found a runed translucent door.
 19072 | D:12     | Noticed Melaqoaz's ghost (journeyman HuWn)
 19072 | D:12     | Identified the +0 robe of a Gauntlet {rC+ Archmagi}
 19365 | D:13     | Found Cuprebil's Antique Weapon Emporium.
 20592 | D:14     | Reached skill level 11 in Dodging
 21066 | Orc:1    | Entered Level 1 of the Orcish Mines
 21320 | D:6      | Bought a scroll of enchant armour for 195 gold pieces
 21320 | D:6      | Bought a scroll of enchant armour for 195 gold pieces
 21322 | D:6      | Reached **** piety under Ashenzari
 21462 | Orc:2    | Entered Level 2 of the Orcish Mines
 21484 | Orc:2    | Noticed Urug
 21496 | Orc:2    | Killed Urug
 21578 | Orc:2    | Your ally Urug died
 21627 | Orc:2    | Noticed an orc warlord
 21657 | Orc:2    | Killed an orc warlord
 21724 | Orc:2    | Reached XP level 16. HP: 130/130 MP: 0/0
 21759 | Orc:2    | Reached skill level 12 in Dodging
 21922 | Orc:2    | Found Wisew's Antique Armour Boutique.
 21922 | Orc:2    | Found Wicidoew's Antique Weapon Shop.
 21928 | Orc:2    | Found Lacrofuc's General Store.
 21928 | Orc:2    | Found Qeixoh's Jewellery Boutique.
 21963 | Orc:2    | Bought a scroll of acquirement for 520 gold pieces
 21963 | Orc:2    | Acquired 493 gold pieces
 22265 | Orc:2    | Found a staircase to the Elven Halls.
 22819 | Orc:1    | Found a bloodstained altar of Trog.
 22835 | Orc:1    | Reached ***** piety under Ashenzari
 23789 | D:14     | Found a gate to the Vaults.
 23927 | D:15     | Entered Level 15 of the Dungeon
 23937 | D:15     | Identified Roxanne's Almanac of Fate
 23937 | D:15     | Noticed Roxanne
 23990 | D:15     | Reached skill level 1 in Armour
 24023 | D:15     | Found a staircase to the Depths.
 24473 | D:15     | Noticed Azrael
 24478 | D:15     | Killed Azrael
 24549 | D:15     | Identified Jutoohian's Directory of the Sphinx
 24656 | D:15     | Found a blossoming altar of Fedhas.
 25288 | Swamp:1  | Entered Level 1 of the Swamp
 25780 | Swamp:1  | Reached skill level 5 in Armour
 26657 | Swamp:2  | Reached XP level 17. HP: 143/143 MP: 0/0
 26657 | Swamp:2  | Learned a level 6 spell: Summon Cactus Giant
 26996 | Swamp:2  | Identified the ring of the Traitor {rPois Int-5 Dex+3 SInv}
 27032 | Swamp:2  | Acquired 1025 gold pieces
 27428 | Swamp:2  | Noticed Donald
 27437 | Swamp:2  | Killed Donald
 28197 | Swamp:3  | Noticed Nikola
 28215 | Swamp:4  | Entered Level 4 of the Swamp
 28581 | Swamp:4  | Noticed a thorn hunter
 28609 | Swamp:3  | Killed a thorn hunter
 28691 | Swamp:4  | Reached skill level 10 in Armour
 28714 | Swamp:4  | Noticed a thorn hunter
 28738 | Swamp:4  | Killed a thorn hunter
 29408 | Swamp:4  | Identified the +5 sling of Fate {drain, rF- rN+ Dex+3}
 29448 | Swamp:4  | Got a decaying rune of Zot
 29695 | Swamp:4  | Reached XP level 18. HP: 103/149 MP: 0/0
 30383 | D:8      | Bought an amulet of reflection for 330 gold pieces
 30550 | Spider:1 | Entered Level 1 of the Spider Nest
 32186 | Spider:2 | Noticed Arachne
 33078 | Spider:2 | Killed Arachne
 36524 | Spider:4 | Entered Level 4 of the Spider Nest
 36809 | Spider:4 | Reached XP level 19. HP: 120/156 MP: 0/0
 36809 | Spider:4 | Learned a level 6 spell: Conjure Ball Lightning
 37559 | Spider:4 | Reached skill level 15 in Spellcasting
 37724 | Spider:4 | Identified the Papyrus of Metallic Transposition
 37733 | Spider:4 | Got a gossamer rune of Zot
 38372 | Vaults:1 | Entered Level 1 of the Vaults
 38376 | Vaults:1 | Noticed Asterion
 38380 | Vaults:1 | Killed Asterion
 38883 | Vaults:1 | Reached skill level 15 in Armour
 39369 | Vaults:1 | Gained mutation: Potions are less effective at restoring
                  | your health. [you]
 40387 | Vaults:1 | Found Paetut's Weapon Emporium.
 40930 | Vaults:1 | Reached XP level 20. HP: 111/162 MP: 0/0
 41161 | Vaults:2 | Noticed Zenata
 41169 | Vaults:2 | Killed Zenata
 41905 | Vaults:2 | Found a basalt altar of Yredelemnul.
 41906 | Vaults:2 | Found a staircase to the Crypt.
 44141 | Vaults:3 | Reached XP level 21. HP: 105/168 MP: 0/0
 44141 | Vaults:3 | Learned a level 8 spell: Discord
 44234 | Vaults:3 | Found a large runed translucent door.
 44234 | Vaults:3 | Found a large runed translucent door.
 44234 | Vaults:3 | Noticed Qeunemit's ghost (adept GrFi)
 46300 | Vaults:4 | Found Wunkoady's Distillery.
 46360 | Vaults:4 | Identified the +3 ring mail of Codahill {rF++ Int+3}
 46488 | Vaults:4 | Found Eget Biwe's Antique Weapon Boutique.
 46986 | Vaults:4 | Reached XP level 22. HP: 171/175 MP: 0/0
 47316 | Vaults:4 | Found Pahurat's Weapon Emporium.
 48073 | D:6      | Bought the +8 orange crystal plate armour {Archmagi, Int+3
                  | Clar} for 3757 gold pieces
 48073 | D:6      | Found the +8 orange crystal plate armour {Archmagi, Int+3
                  | Clar}
 48230 | Elf:1    | Entered Level 1 of the Elven Halls
 48596 | Elf:1    | Paralysed by an air elemental for 1 turns
 48602 | Elf:1    | Paralysed by an air elemental for 1 turns
 48608 | Elf:1    | Paralysed by an air elemental for 1 turns
 48707 | Elf:1    | Paralysed by an air elemental for 1 turns
 49127 | Elf:1    | Identified the Thoughts on Called Wounds
 49577 | Elf:2    | Paralysed by an air elemental for 1 turns
 49584 | Elf:2    | Paralysed by an air elemental for 1 turns
 49592 | Elf:2    | Paralysed by an air elemental for 1 turns
 49599 | Elf:2    | Paralysed by an air elemental for 1 turns
 49613 | Elf:2    | Paralysed by an air elemental for 1 turns
 49803 | Elf:2    | Identified the +5 scale mail of Cowardice {rPois Int+4}
 49953 | Elf:2    | Found a runed translucent gate.
 49954 | Elf:2    | Found a runed translucent gate.
 49954 | Elf:2    | Found a runed translucent gate.
 50051 | Elf:3    | Entered Level 3 of the Elven Halls
 50251 | Elf:3    | Found a runed translucent gate.
 50251 | Elf:3    | Found a runed translucent gate.
 50253 | Elf:3    | Found a runed translucent gate.
 50253 | Elf:3    | Noticed Kyerol's ghost (adept TeSu)
 50254 | Elf:3    | Noticed BubbleThief's ghost (master HOFi)
 50254 | Elf:3    | Noticed Hiliwumm's ghost (veteran MiGl)
 50254 | Elf:3    | Noticed Vatovie's ghost (journeyman MiBe)
 50255 | Elf:3    | Identified the +5 war axe "Posamep" {heavy, rN++}
 50255 | Elf:3    | Identified the ring of Hudaickul {rElec Str+3 Int-3 Dex+4
                  | SInv}
 51321 | Elf:3    | Reached XP level 23. HP: 184/184 MP: 0/0
 51321 | Elf:3    | Learned a level 8 spell: Lehudib's Crystal Spear
 51590 | Elf:3    | Identified the +1 ring mail "Sikah" {Regen+}
 51634 | Elf:3    | Identified the Grimoire of the Shift and the Snowflakes
 51637 | Elf:3    | Identified the +0 chain mail of Niolat {*Slow rPois Will-
                  | Stlth+}
 51693 | Elf:3    | Identified the +0 plate armour of the Transparent God
                  | {rPois rN+ Int+2}
 51778 | Elf:3    | Identified the ring of Guulloso {Str+6 Dex+2}
 51791 | Elf:3    | Killed BubbleThief's ghost
 51796 | Elf:3    | Killed Vatovie's ghost
 51801 | Elf:3    | Killed Hiliwumm's ghost
 51805 | Elf:3    | Killed Kyerol's ghost
 52265 | D:15     | Killed Roxanne
 52302 | Depths:1 | Entered Level 1 of the Depths
 52603 | Depths:1 | Found a gateway to Hell.
 52737 | Depths:1 | Found an iron altar of Okawaru.
 52795 | Depths:1 | Found Ukloqu's Armour Shoppe.
 53552 | D:8      | Bought the ring "Pibureox" {rElec rC+ rCorr AC+4} for 688
                  | gold pieces
 53714 | Slime:1  | Entered Level 1 of the Pits of Slime
 53975 | Slime:2  | Reached skill level 15 in Fighting
 54345 | Slime:5  | Entered Level 5 of the Pits of Slime
 54358 | Slime:5  | Lost mutation: Potions are less effective at restoring your
                  | health. [potion of mutation]
 54358 | Slime:5  | Gained mutation: Your flesh is almost immune to the effects
                  | of heat. (rF+++) [potion of mutation]
 54358 | Slime:5  | Gained mutation: You are weak. (Str -2) [potion of
                  | mutation]
 54358 | Slime:5  | Gained mutation: You possess an exceptional clarity of
                  | mind. [potion of mutation]
 54358 | Slime:5  | Gained mutation: You are partially covered in iridescent
                  | scales. (AC +2) [potion of mutation]
 54359 | Slime:5  | Lost mutation: You are partially covered in iridescent
                  | scales. (AC +2) [potion of mutation]
 54359 | Slime:5  | Lost mutation: You are weak. (Str -2) [potion of mutation]
 54359 | Slime:5  | Lost mutation: Your flesh is almost immune to the effects
                  | of heat. (rF+++) [potion of mutation]
 54359 | Slime:5  | Gained mutation: You have a pair of small antennae on your
                  | head. [potion of mutation]
 54359 | Slime:5  | Gained mutation: You have a somewhat thin skeletal
                  | structure. (Dex +2, Stealth+) [potion of mutation]
 54372 | Slime:5  | Noticed the Royal Jelly
 54638 | Slime:5  | Found a viscous altar of Jiyva.
 54639 | Slime:5  | Identified the +5 mace of the Vestibule of Hell {flame,
                  | Contam Str+7 SInv}
 54641 | Slime:5  | Found the +1 cloak of Starlight {*Dazzle EV+4 Stlth--}
 54641 | Slime:5  | Identified the Verses on Malisons and the Sky
 54641 | Slime:5  | Found the +7 great mace "Firestarter" {flame, inner flame,
                  | rFlCloud rF++}
 54642 | Slime:5  | Identified the +5 arbalest of Amall {speed, Will+}
 54643 | Slime:5  | Found the +3 crown of Dyrovepreva {rElec Int+2 SInv}
 54643 | Slime:5  | Identified the +4 shortbow "Paudgh" {flame, *Slow rPois
                  | rCorr Dex+3}
 54647 | Slime:5  | Reached XP level 24. HP: 170/194 MP: 0/0
 54729 | Slime:5  | Killed the Royal Jelly
 54732 | Slime:5  | Gained mutation: You are very vulnerable to cold. (rC--) [a
                  | shining eye]
 54850 | Slime:5  | Lost mutation: You possess an exceptional clarity of mind.
                  | [potion of mutation]
 54850 | Slime:5  | Lost mutation: You have a somewhat thin skeletal structure.
                  | (Dex +2, Stealth+) [potion of mutation]
 54850 | Slime:5  | Gained mutation: You possess an exceptional clarity of
                  | mind. [potion of mutation]
 54850 | Slime:5  | Gained mutation: You are strong-willed. (Will+) [potion of
                  | mutation]
 54850 | Slime:5  | Gained mutation: You expend health (3 HP) to strengthen
                  | your wands. [potion of mutation]
 54850 | Slime:5  | Gained mutation: Your muscles are strong. (Str +4, Int/Dex
                  | -1) [potion of mutation]
 54925 | Slime:5  | Got a slimy rune of Zot
 55075 | Slime:5  | Gained mutation: You are agile. (Dex +4, Str/Int -1) [a
                  | shining eye]
 55923 | Depths:2 | Noticed a caustic shrike
 55930 | Depths:2 | Killed a caustic shrike
 55948 | Depths:2 | Noticed a golden dragon
 55953 | Depths:2 | Killed a golden dragon
 56052 | Depths:2 | Noticed a golden dragon
 56068 | Depths:2 | Killed a golden dragon
 56079 | Depths:2 | Noticed a golden dragon
 56081 | Depths:2 | Killed a golden dragon
 56331 | Depths:2 | Identified the +9 ring mail of Ollany {Contam rPois rF++
                  | rN+}
 56665 | Depths:2 | Found a one-way gate leading to the halls of Pandemonium.
 56866 | Depths:2 | Found a runed translucent door.
 56866 | Depths:2 | Noticed a caustic shrike
 56866 | Depths:2 | Identified the +8 scale mail of Charity {Rampage}
 57089 | Depths:2 | Killed a caustic shrike
 57092 | Depths:2 | Reached XP level 25. HP: 148/204 MP: 0/0
 57092 | Depths:2 | Learned a level 9 spell: Shatter
 57374 | Orc:2    | Bought the ring "Meloufiawn" {Wiz Int+6} for 644 gold
                  | pieces
 57694 | Depths:3 | Noticed Mennas
 57695 | Depths:3 | Noticed Frederick
 57698 | Depths:3 | Killed Frederick
 57713 | Depths:3 | Killed Mennas
 57823 | Depths:3 | Found a one-way gateway to a ziggurat.
 57824 | Depths:3 | Found a one-way gate to the infinite horrors of the Abyss.
 57884 | Depths:3 | Found Qellukh's Neck Hole.
 57907 | Depths:3 | Identified the +5 battleaxe "Yvywk" {flame, rPois rC+
                  | Will++}
 58019 | Depths:3 | Identified Saapsil's Notes on the Deep Freeze
 58695 | Depths:4 | Entered Level 4 of the Depths
 58796 | Depths:4 | Noticed a caustic shrike
 58800 | Depths:4 | Killed a caustic shrike
 58813 | Depths:4 | Noticed a caustic shrike
 58815 | Depths:4 | Noticed a caustic shrike
 58816 | Depths:4 | Killed a caustic shrike
 58816 | Depths:4 | Noticed a caustic shrike
 58819 | Depths:4 | Killed a caustic shrike
 58820 | Depths:4 | Killed a caustic shrike
 58963 | Depths:4 | Found a gate to the Realm of Zot.
 59736 | Zot:1    | Entered Level 1 of the Realm of Zot
 59739 | Zot:1    | Reached XP level 26. HP: 189/213 MP: 0/0
 59940 | Zot:1    | Found a hide-covered altar of Uskayaw.
 60415 | Zot:2    | Noticed an orb of fire
 60416 | Zot:2    | Gained mutation: You occasionally lose the ability to drink
                  | potions when taking damage. [an orb of fire]
 60420 | Zot:2    | Gained mutation: You sometimes lose the ability to drink
                  | potions when taking damage. [an orb of fire]
 60421 | Zot:2    | Killed an orb of fire
 60422 | Zot:2    | Reached skill level 13 in Dodging
 60672 | Zot:3    | Noticed a curse toe
 60786 | Zot:3    | Killed a curse toe
 60948 | Zot:2    | Lost mutation: You possess an exceptional clarity of mind.
                  | [potion of mutation]
 60948 | Zot:2    | Lost mutation: You expend health (3 HP) to strengthen your
                  | wands. [potion of mutation]
 61031 | Zot:3    | Reached skill level 14 in Dodging
 61031 | Zot:3    | Reached XP level 27. HP: 162/224 MP: 0/0
 61031 | Zot:3    | Learned a level 9 spell: Fire Storm
 61232 | Zot:3    | Found the +4 dragonskin cloak
 61232 | Zot:3    | Noticed Tiamat
 61240 | Zot:3    | Killed Tiamat
 61996 | Zot:4    | Noticed a Killer Klown
 61998 | Zot:4    | Killed a Killer Klown
 62351 | Zot:4    | Reached skill level 15 in Dodging
 62831 | Zot:5    | Entered Level 5 of the Realm of Zot
 63459 | Zot:5    | Noticed an orb of fire
 63482 | Zot:5    | Noticed a Killer Klown
 63484 | Zot:5    | Killed a Killer Klown
 63607 | Zot:5    | Gained mutation: You are extremely vulnerable to cold.
                  | (rC---) [an orb of fire]
 63609 | Zot:5    | Killed an orb of fire
 63615 | Zot:5    | Noticed an orb of fire
 63619 | Zot:5    | Killed an orb of fire
 63661 | Zot:5    | Noticed a dread lich
 63663 | Zot:5    | Killed a dread lich
 63664 | Zot:5    | Reached skill level 16 in Dodging
 63702 | Zot:5    | Noticed an ancient lich
 63704 | Zot:5    | Killed an ancient lich
 63704 | Zot:5    | Noticed a Killer Klown
 63705 | Zot:5    | Reached skill level 15 in Shields
 63706 | Zot:5    | Killed a Killer Klown
 63724 | Zot:5    | Noticed an orb of fire
 63730 | Zot:5    | Killed an orb of fire
 63868 | Zot:5    | Noticed an orb of fire
 63870 | Zot:5    | Noticed an orb of fire
 63872 | Zot:5    | Killed an orb of fire
 63875 | Zot:5    | Killed an orb of fire
 63897 | Zot:5    | Noticed an orb of fire
 63903 | Zot:5    | Killed an orb of fire
 63951 | Zot:5    | Noticed a Killer Klown
 63954 | Zot:5    | Killed a Killer Klown
 63955 | Zot:5    | Reached skill level 17 in Dodging
 64033 | Zot:5    | Noticed an orb of fire
 64033 | Zot:5    | Gained mutation: Armour fits poorly on your strangely
                  | shaped body. [an orb of fire]
 64037 | Zot:5    | Killed an orb of fire
 64063 | Zot:5    | Noticed an orb of fire
 64069 | Zot:5    | Killed an orb of fire
 64115 | Zot:5    | Noticed an orb of fire
 64119 | Zot:5    | Killed an orb of fire
 64121 | Zot:5    | Noticed a Killer Klown
 64123 | Zot:5    | Killed a Killer Klown
 64387 | Zot:5    | Lost mutation: You have a pair of small antennae on your
                  | head. [potion of mutation]
 64387 | Zot:5    | Lost mutation: Armour fits poorly on your strangely shaped
                  | body. [potion of mutation]
 64387 | Zot:5    | Lost mutation: You are strong-willed. (Will+) [potion of
                  | mutation]
 64387 | Zot:5    | Gained mutation: You passively dampen the noise of your
                  | surroundings. [potion of mutation]
 64387 | Zot:5    | Lost mutation: You are extremely vulnerable to cold.
                  | (rC---) [potion of mutation]
 64387 | Zot:5    | Gained mutation: You are frail. (-10% HP) [potion of
                  | mutation]
 64388 | Zot:5    | Lost mutation: You are frail. (-10% HP) [potion of
                  | mutation]
 64388 | Zot:5    | Lost mutation: Your muscles are strong. (Str +4, Int/Dex
                  | -1) [potion of mutation]
 64388 | Zot:5    | Gained mutation: You have a pair of small antennae on your
                  | head. [potion of mutation]
 64389 | Zot:5    | Lost mutation: You have a pair of small antennae on your
                  | head. [potion of mutation]
 64389 | Zot:5    | Lost mutation: You passively dampen the noise of your
                  | surroundings. [potion of mutation]
 64389 | Zot:5    | Gained mutation: You are covered in fur. (AC +1) [potion of
                  | mutation]
 64389 | Zot:5    | Gained mutation: You occasionally shout uncontrollably at
                  | your foes. [potion of mutation]
 64390 | Zot:5    | Lost mutation: You are agile. (Dex +4, Str/Int -1) [potion
                  | of mutation]
 64390 | Zot:5    | Lost mutation: You are covered in fur. (AC +1) [potion of
                  | mutation]
 64390 | Zot:5    | Lost mutation: You are very vulnerable to cold. (rC--)
                  | [potion of mutation]
 64390 | Zot:5    | Gained mutation: Your spells are a little easier to cast,
                  | but a little less powerful. [potion of mutation]
 64390 | Zot:5    | Lost mutation: Your spells are a little easier to cast, but
                  | a little less powerful. [potion of mutation]
 64391 | Zot:5    | Lost mutation: You occasionally shout uncontrollably at
                  | your foes. [potion of mutation]
 64391 | Zot:5    | Lost mutation: You sometimes lose the ability to drink
                  | potions when taking damage. [potion of mutation]
 64391 | Zot:5    | Lost mutation: You occasionally lose the ability to drink
                  | potions when taking damage. [potion of mutation]
 64391 | Zot:5    | Gained mutation: You expend health (3 HP) to strengthen
                  | your wands. [potion of mutation]
 64837 | Vaults:5 | Entered Level 5 of the Vaults
 64848 | Vaults:5 | Reached skill level 18 in Dodging
 65012 | Vaults:5 | Reached skill level 19 in Dodging
 65136 | Vaults:5 | Noticed a dread lich
 65139 | Vaults:5 | Killed a dread lich
 65258 | Vaults:5 | Noticed an ancient lich
 65260 | Vaults:5 | Killed an ancient lich
 65375 | Vaults:5 | Identified the ring "Jexu Kut" {Fire *Corrode Fly Will+
                  | Stlth+}
 65632 | Vaults:5 | Found Ewyofrali's Book Shoppe.
 65840 | Vaults:5 | Identified the amulet "Ruit" {Acrobat rElec rF+ Regen+
                  | Stlth+}
 65840 | Vaults:5 | Identified the Treatise on the Wyrd
 66011 | Vaults:5 | Identified the ring "Daofruogen" {rPois Stlth+}
 66135 | Vaults:5 | Identified Voegiwk's Compilation of Congelation
 66262 | Vaults:5 | Got a silver rune of Zot
 66599 | Depths:3 | Voluntarily entered the Abyss.
 66671 | Abyss:2  | Found a corrupted altar of Lugonu.
 66986 | Depths:3 | Escaped the Abyss
 66988 | Depths:3 | Voluntarily entered the Abyss.
 66999 | Abyss:2  | Found a corrupted altar of Lugonu.
 67003 | Depths:3 | Escaped the Abyss
 67005 | Depths:3 | Voluntarily entered the Abyss.
 67069 | Abyss:4  | Reached skill level 20 in Dodging
 67069 | Abyss:4  | Found a corrupted altar of Lugonu.
 67083 | Abyss:4  | Got an abyssal rune of Zot
 67200 | Depths:3 | Escaped the Abyss
 67297 | Depths:1 | Bought the +10 tower shield of Ignorance {rN+ Int-4} for
                  | 916 gold pieces
 67297 | Depths:1 | Found the +10 tower shield of Ignorance {rN+ Int-4}
 67344 | Zig:1    | Entered Level 1 of a ziggurat
 67362 | Zig:2    | Entered Level 2 of a ziggurat
 67362 | Zig:2    | Identified the Annotations on Galvanic Mustering
 67369 | Zig:3    | Entered Level 3 of a ziggurat
 67369 | Zig:3    | Identified the ring of Qupsys {rN+ EV+5}
 67398 | Zig:4    | Entered Level 4 of a ziggurat
 67401 | Zig:4    | Noticed a juggernaut
 67401 | Zig:4    | Identified the Verses on the Oath
 67405 | Zig:4    | Killed a juggernaut
 67450 | Zig:5    | Entered Level 5 of a ziggurat
 67453 | Zig:5    | Noticed a shard shrike
 67455 | Zig:5    | Killed a shard shrike
 67538 | Zig:6    | Entered Level 6 of a ziggurat
 67541 | Zig:6    | Identified the ring of Vovu {rCorr EV+5 Str+4 Int+3}
 67599 | Zig:7    | Entered Level 7 of a ziggurat
 67603 | Zig:7    | Identified the +1 robe of Wuofon {Dex+8}
 67633 | Zig:8    | Entered Level 8 of a ziggurat
 67640 | Zig:8    | Identified the +10 trident "Fegut Laruom" {chaos, rCorr
                  | Int+2}
 67640 | Zig:8    | Identified the +0 flail "Kalu" {venom, rCorr Dex+2}
 67742 | Zig:9    | Entered Level 9 of a ziggurat
 67750 | Zig:9    | Identified the +10 falchion "Otokk" {drain, Str+6}
 67757 | Zig:9    | Identified the +8 mace of Evisceration {drain, Will+}
 67828 | Zig:10   | Entered Level 10 of a ziggurat
 67862 | Zig:10   | Found the +2 Maxwell's thermic engine {flame, freeze}
 67862 | Zig:10   | Found the macabre finger necklace {Finger+ rN+}
 67917 | Zig:11   | Entered Level 11 of a ziggurat
 67929 | Zig:11   | Noticed an ancient lich
 67930 | Zig:11   | Killed an ancient lich
 67931 | Zig:11   | Reached skill level 21 in Dodging
 67962 | Zig:11   | Identified the +5 scale mail of Lethargy {Str+2 Int+2}
 68007 | Zig:12   | Entered Level 12 of a ziggurat
 68181 | Zig:13   | Entered Level 13 of a ziggurat
 68194 | Zig:13   | Identified the +7 halberd of the Evening {freeze, rPois
                  | Int+3 SInv}
 68194 | Zig:13   | Identified the +3 ring mail "Put-Me-On" {Harm Will+}
 68197 | Zig:13   | Identified the ring of Duahob {rElec rCorr Int+6}
 68199 | Zig:13   | Noticed Ufimo the pandemonium lord
 68201 | Zig:13   | Killed Ufimo the pandemonium lord
 68313 | Zig:13   | Identified the +0 robe of Ethics {Str+7}
 68313 | Zig:13   | Identified the +8 long sword of the Gnat {pain, rF+ rN+
                  | rCorr Str+3}
 68315 | Zig:13   | Identified the +1 crystal plate armour of the Sea {rPois
                  | Regen+}
 68338 | Zig:13   | Acquired 719 gold pieces
 68394 | Zig:14   | Entered Level 14 of a ziggurat
 68408 | Zig:14   | Identified the +2 great mace of Due Proportion {drain,
                  | rPois rCorr Dex+3}
 68415 | Zig:14   | Reached skill level 22 in Dodging
 68518 | Zig:15   | Entered Level 15 of a ziggurat
 68524 | Zig:15   | Noticed an orb of fire
 68524 | Zig:15   | Noticed an orb of fire
 68527 | Zig:15   | Killed an orb of fire
 68528 | Zig:15   | Killed an orb of fire
 68528 | Zig:15   | Noticed an orb of fire
 68531 | Zig:15   | Killed an orb of fire
 68532 | Zig:15   | Noticed an orb of fire
 68532 | Zig:15   | Noticed an orb of fire
 68534 | Zig:15   | Noticed an orb of fire
 68536 | Zig:15   | Killed an orb of fire
 68536 | Zig:15   | Killed an orb of fire
 68537 | Zig:15   | Reached skill level 23 in Dodging
 68539 | Zig:15   | Killed an orb of fire
 68551 | Zig:15   | Identified the amulet of Zin's Anger {Faith Stlth+}
 68552 | Zig:15   | Identified the +7 hand axe of the Harvest {drain, Int+3}
 68553 | Zig:15   | Identified the +3 shortbow "Foliorphi" {flame, MP+9}
 68683 | Zig:16   | Entered Level 16 of a ziggurat
 68702 | Zig:16   | Noticed a dread lich
 68702 | Zig:16   | Noticed a dread lich
 68702 | Zig:16   | Noticed a dread lich
 68702 | Zig:16   | Identified the +1 ring mail of Zoetra Gumu {rCorr Int+3
                  | Slay+2}
 68702 | Zig:16   | Noticed an ancient lich
 68703 | Zig:16   | Noticed a dread lich
 68704 | Zig:16   | Killed a dread lich
 68704 | Zig:16   | Killed a dread lich
 68704 | Zig:16   | Killed a dread lich
 68704 | Zig:16   | Killed an ancient lich
 68704 | Zig:16   | Noticed a dread lich
 68705 | Zig:16   | Killed a dread lich
 68706 | Zig:16   | Killed a dread lich
 68795 | Zig:16   | Found the +3 giant club "Skullcrusher" {speed, Str+7}
 68883 | Zig:17   | Entered Level 17 of a ziggurat
 68893 | Zig:17   | Noticed a royal mummy
 68897 | Zig:17   | Killed a royal mummy
 68897 | Zig:17   | Noticed a royal mummy
 68897 | Zig:17   | Noticed a royal mummy
 68901 | Zig:17   | Killed a royal mummy
 68901 | Zig:17   | Killed a royal mummy
 68904 | Zig:17   | Noticed a royal mummy
 68905 | Zig:17   | Noticed a royal mummy
 68909 | Zig:17   | Killed a royal mummy
 68910 | Zig:17   | Killed a royal mummy
 68911 | Zig:17   | Reached skill level 5 in Evocations
 68913 | Zig:17   | Noticed a royal mummy
 68916 | Zig:17   | Identified the cursed +2 pair of gloves "Astral Failure"
                  | {Melee, Fort} (You found it on level 1 of the Dungeon)
 68918 | Zig:17   | Killed a royal mummy
 68932 | Zig:17   | Found the +4 skin of Zhor {*Englaciate rC+++ SInv}
 68932 | Zig:17   | Identified a ring of Meseto Mai {rF++ rC+ rCorr Str+4
                  | Slay+3}
 69023 | Zig:17   | Identified the +1 cloak "Goutiot" {Dex+5}
 69041 | Zig:17   | Reached skill level 5 in Throwing
 69062 | Zig:18   | Entered Level 18 of a ziggurat
 69081 | Zig:18   | Noticed a royal mummy
 69083 | Zig:18   | Noticed a royal mummy
 69083 | Zig:18   | Noticed a royal mummy
 69084 | Zig:18   | Reached skill level 24 in Dodging
 69085 | Zig:18   | Killed a royal mummy
 69086 | Zig:18   | Killed a royal mummy
 69086 | Zig:18   | Noticed a royal mummy
 69086 | Zig:18   | Noticed a royal mummy
 69087 | Zig:18   | Killed a royal mummy
 69087 | Zig:18   | Noticed a royal mummy
 69087 | Zig:18   | Noticed a royal mummy
 69090 | Zig:18   | Killed a royal mummy
 69090 | Zig:18   | Killed a royal mummy
 69090 | Zig:18   | Killed a royal mummy
 69090 | Zig:18   | Killed a royal mummy
 69284 | Zig:18   | Found the +8 Wrath of Trog {antimagic, *Rage Rampage}
 69285 | Zig:18   | Found the +10 morningstar "Eos" {elec, Halo rElec}
 69286 | Zig:18   | Identified the +2 robe "Siefu" {rPois Str-4 Dex-2 SInv}
 69286 | Zig:18   | Identified Kiog's Catalogue of Volatile Inhalation
 69287 | Zig:18   | Found the +7 great mace "Undeadhunter" {deathbane, rN+}
 69289 | Zig:18   | Identified the +12 dagger "Ultimatum" {venom, rElec rF+}
 69330 | Zig:19   | Entered Level 19 of a ziggurat
 69705 | Zig:19   | Identified the +9 sling of Ibburph {flame, rElec rN+ Str-3
                  | Int+3}
 69705 | Zig:19   | Found the +13 scythe of Curses {drain, curses, Drain}
 69705 | Zig:19   | Identified Egyivut's Grimoire of the Frigorific Bonfire
 69706 | Zig:19   | Identified the +3 great sword of Megalomania {flame, Fly
                  | rF++ Dex+2 Stlth+}
 69706 | Zig:19   | Identified the ring of Zuonon {Will+ Str+2 Stlth+}
 69706 | Zig:19   | Identified the Grimoire of Glaciation
 69791 | Zig:20   | Entered Level 20 of a ziggurat
 69984 | Zig:20   | Identified the ring "Latsid" {*Corrode Will+ Int+7 Slay-6}
 69986 | Zig:20   | Identified Unwoh's Octavo of Voltaic Interference
 69986 | Zig:20   | Identified the +1 executioner's axe of Guc Kid {freeze, Fly
                  | rF+ Str+3 Int-2}
 69987 | Zig:20   | Identified the +3 rapier "Ecisseha" {heavy, Dex+2}
 69987 | Zig:20   | Found the +7 Spriggan's Knife {stab, EV+4 Stlth+}
 70397 | Hell     | Entered the Vestibule of Hell
 70397 | Hell     | Noticed Geryon
 70403 | Hell     | Reached skill level 10 in Evocations
 70410 | Hell     | Killed Geryon
 70674 | Hell     | Noticed an ancient lich
 70676 | Hell     | Killed an ancient lich
 71056 | Hell     | Found a gateway to the freezing wastes of Cocytus.
 71251 | Hell     | Found a gateway to the Iron City of Dis.
 71569 | Hell     | Found a gateway to the decaying netherworld of Tartarus.
 71651 | Hell     | Found a gateway to the ashen valley of Gehenna.
 72352 | Dis:1    | Entered Level 1 of the Iron City of Dis
 72354 | Dis:1    | Reached skill level 10 in Throwing
 74463 | Dis:7    | Entered Level 7 of the Iron City of Dis
 75585 | Dis:7    | Reached skill level 15 in Evocations
 76451 | Dis:7    | Noticed a juggernaut
 76456 | Dis:7    | Killed a juggernaut
 76540 | Dis:7    | Noticed Dispater
 76540 | Dis:7    | Found the orb of Dispater {+Damnation *Corrode AC+5}
 76551 | Dis:7    | Killed Dispater
 76587 | Dis:7    | Got an iron rune of Zot
 77074 | Zot:5    | Got the Orb of Zot
 77252 | Zot:3    | Noticed Zatruagaa the pandemonium lord
 77286 | Zot:1    | Noticed a seraph
 77289 | Zot:1    | Killed a seraph
 77765 | D:4      | Noticed a seraph
 77771 | D:4      | Killed a seraph
 77934 | D:$      | Escaped with the Orb!

Illustrated notes

Levels and vault maps discovered:
D:1:      erik_arrival_cave_to_civilisation [erik_arrival_cave_to_hall],
          layout_loops_ring, shapermc_ecumenical_altar_notcrosses,
          corexii_leaking_fountain
D:2:      layout_basic, basic_altar
D:3:      layout_rooms, mainiacjoe_overflow_paths, doesnt_xom_only_xom,
          minmay_increasing_density, uniq_crazy_yiuf_cottage, uniq_natasha
D:4:      layout_basic, serial_shops, nicolae_take_the_stairs
D:5:      layout_rooms, minmay_temple_entry_nine_rooms,
          minmay_fractal_squares_gapless_5
D:6:      layout_basic, grunt_gozag_breadcrumbs, mainiacjoe_overflow_chevrons,
          serial_shops, nicolae_square_shop
D:7:      layout_layer_cave
D:8:      layout_cave_pods, serial_shops, nicolae_diamond_shop,
          nicolae_shop_window_shopping, shop, minmay_misc_feat_four_crosses,
          minmay_manual_mares
D:9:      layout_roguey, lemuel_tele_altar, hellmonk_guarded_unrand_dark_maul
D:10:     layout_roguey, erik_lair_island, orc_0_dummy, serial_shops,
          nicolae_stop_n_shop_1, shop
D:11:     layout_rooms, hangedman_decor_slide_cut, kennysheep_generic_room_6,
          uniq_josephine, uniq_erica
D:12:     hellmonk_paralyzer, layout_small_grid, ebering_ghost_reflecting_pool,
          library_closet, nicolae_splish_splash
D:13:     layout_roguey, serial_shops, nicolae_diamond_shop, fiery_altar_vehumet
D:14:     layout_cross, david_vaults_4, kennysheep_donut
D:15:     grunt_enter_depths_hoard, layout_long_grid, fedhas_altar_4,
          hangedman_decor_growths, hangedman_abyss_or_decor_clamps,
          uniq_roxanne, uniq_azrael
Temple:   sentei_temple_godly_chess
Lair:1:   layout_layer_cave, amcnicky_mini_pool_medium, lemuel_fruit_fields,
          infiniplex_staircase_pool_2
Lair:2:   layout_concentric_octagons, enter_volcano_4, beast_lair_carwin_7,
          serial_bayou_shore_a, grunt_megastairs_4, uniq_nergalle
Lair:3:   layout_cave_shapes, palyth_hydra_swamp_entry,
          spider_nest_entry_funnel_web, minmay_hedge_maze,
          cheibrodos_lair_reptile_den
Lair:4:   layout_hall_layers
Lair:5:   due_jungle_book, layout_regular_city, slime_entry_1
Swamp:1:  layout_falls_marsh, nicolae_swamp_round_clearing, swamp_pool2,
          nicolae_swamp_very_dense_foliage
Swamp:2:  layout_falls_marsh, nicolae_swamp_fairy_circle, grunt_ruined_hall,
          uniq_donald
Swamp:3:  nicolae_swamp_long_stream, layout_falls_marsh,
          evilmike_swamp_ruin_rubble_2, uniq_nikola
Swamp:4:  swamp, layout_basic_swamp, swamp_pool5
Spider:1: layout_spider_delve
Spider:2: layout_cave_pods, uniq_arachne
Spider:3: layout_spider_delve, spiders_nest_spider_trap
Spider:4: hellmonk_spider_rune_bug_friends, hangedman_spider_mandibles
Slime:1:  layout_caves
Slime:2:  layout_caves
Slime:3:  layout_caves
Slime:4:  layout_caves
Slime:5
Orc:1:    layout_caves, basic_altar, kennysheep_orc_sif_temple
Orc:2:    st_orc_congregation, layout_diamond_mine, uniq_urug
Elf:1:    elf_arrival_001, layout_loops_corners, minmay_elf_sorcery
Elf:2:    nicolae_elf_blades_crystal_corner, layout_rooms, uniq_louise
Elf:3:    minmay_elf_hall_spiked, layout_geoelf_octagon,
          gammafunk_ghost_cemetery, abandoned_shop,
          nicolae_elf_vaults_five_recruitment_drive
Vaults:1: st_octagons_1, v_alt_pattern_5, vaults_room_pools,
          grunt_vaults_trifunnel, vaults_dpeg_diagonal, hangedman_vaults_nodes,
          v_rooms_6, nicolae_vaults_little_squares_4, nicolae_vaults_rhombus_5,
          layout_vaults_chaotic_city, serial_shops,
          nicolae_shop_bloodbath_and_beyond, uniq_asterion
Vaults:2: portal_desolation_entry_garden, ontoclasm_vaults_spin,
          minmay_crypt_entry_necro_gods, vaults_mumra_chevron,
          vaults_room_grunt_arrival_checkpoint, v_rooms_6, v_alt_pattern_3,
          grunt_vaults_diagonal, v_misc_3, st_more_cells,
          grunt_vaults_hallway_long, hangedman_vaults_stagger,
          vaults_dpeg_cross, layout_vaults_big_cross, uniq_zenata
Vaults:3: advil_vaults_ghost_guards, ontoclasm_vaults_ring_small,
          vaults_room_door_ring, v_misc_33, dpeg_vaults_hating_casters,
          dpeg_vaults_monster_box, layout_vaults_omnigrid
Vaults:4: nicolae_vaults_specimen_jars, nicolae_vaults_network_star, v_misc_13,
          nicolae_vaults_network_square, nicolae_vaults_yaktaur_gun_rack,
          grunt_vaults_twisty, vaults_mumra_hexcomb,
          dpeg_vaults_pockets_of_resistance, nicolae_vaults_ring_of_whatevers,
          layout_vaults_omnibox, serial_shops, shop, shop,
          nicolae_shop_overgrown_old_shop
Vaults:5
Depths:1: layout_long_grid, hell_entry, chequers_serial_rivers_small_a,
          serial_shops, nicolae_shop_hallway_stairs, okawaru_altar_gauntlet_db
Depths:2: minmay_central_circle, layout_basic, serial_aquarium,
          aquarium_bridge_square [aquarium_subvault_bridge,
          aquarium_subvault_wall, aquarium_subvault_window,
          aquarium_subvault_wall], aquarium_window_fake,
          aquarium_window_corridor_1, aquarium_view_2b, aquarium_view_2c,
          aquarium_pool_corner, lightli_too_deep, rand_demon_pan_entry_1,
          kennysheep_treasure_room
Depths:3: nicolae_whirlpool, layout_honeycomb, enter_ziggurat_b, abyss_entry,
          grunt_hell_entry_dis_mu, serial_sigils_hangedman_snap,
          nicolae_shop_sticking_my_neck_out, uniq_frederick, uniq_mennas
Depths:4: grunt_zot_entry_gee_three, layout_gridlike, abyss_entry,
          hangedman_decor_diamond_cutter, hell_entry,
          nicolae_kite_square_tiling_tiny
Hell
Dis:1:    layout_gridville, nicolae_dis_scattering
Dis:2:    layout_subdivisions
Dis:3:    layout_gridville, nicolae_dis_spooky_hallway
Dis:4:    layout_gridville
Dis:5:    layout_subdivisions, minmay_strange_pillars
Dis:6:    layout_subdivisions
Dis:7:    dis_st
Zot:1:    layout_onion_interference, basic_altar, uniq_josephina
Zot:2:    layout_onion_interference
Zot:3:    lemuel_firehouse, layout_cathedral_of_symmetry, uniq_tiamat
Zot:4:    layout_twisted_circle
Zot:5:    layout_basic

Skill      XL: |  1  2  3  4  5  6  7  8  9 10 11 12 13 14 15 16 17 18 19 20 21 22 23 24 25 26 27 |
---------------+----------------------------------------------------------------------------------+-----
Fighting       | 1 2 3 4 6 7 9 10 11 12 13 14 15 16 18 20 22 | 22.7
Spellcasting   | 4 5 6 7 8 10 11 12 13 14 15 16 18 19 20 21 22 | 22.0
Shields        | 1 4 7 11 13 22 | 22.7
Dodging        | 4 9 11 12 14 24 | 24.5
Polearms       | 1 6 9 |  9.5
Armour         | 5 11 14 16 18 19 20 22 23 | 23.6
Throwing       | 14 | 14.0
Evocations     | 16 | 16.4
Stealth        | |  1.5

Action                     |  1- 3 |  4- 6 |  7- 9 | 10-12 | 13-15 | 16-18 | 19-21 | 22-24 | 25-27 || total
---------------------------+-------+-------+-------+-------+-------+-------+-------+-------+-------++-------
  Melee: Short sword       |       |     6 |     7 |       |       |       |       |       |       ||    13
         Dagger            |       |       |       |     5 |       |       |       |       |       ||     5
         Spear             |       |       |       |       |   104 |   623 |   566 |   273 |     9 ||  1575
  Throw: Dart              |       |       |       |       |    13 |       |       |       |       ||    13
         Throwing net      |       |       |       |       |       |       |       |     2 |       ||     2
   Cast: Necrotise         |    57 |    12 |       |       |       |       |       |       |       ||    69
         Vampiric Draining |     1 |    31 |    87 |   132 |   250 |    66 |       |       |       ||   567
         Sandblast         |       |    48 |    72 |   178 |   155 |   137 |    18 |       |       ||   608
         Call Imp          |       |     1 |     2 |       |     1 |       |       |       |       ||     4
         Animate Dead      |       |       |     1 |     5 |     5 |     1 |       |       |       ||    12
         Petrify           |       |       |       |    20 |    17 |    26 |    56 |    11 |       ||   130
         Freezing Cloud    |       |       |       |    11 |   143 |   262 |    81 |    28 |       ||   525
         Yara's Violent Un |       |       |       |       |     3 |     8 |    18 |     8 |       ||    37
         Death Channel     |       |       |       |       |     3 |     6 |     1 |     1 |       ||    11
         Summon Cactus Gia |       |       |       |       |       |    78 |    68 |    45 |     4 ||   195
         Conjure Ball Ligh |       |       |       |       |       |       |    93 |    26 |       ||   119
         Discord           |       |       |       |       |       |       |     2 |     3 |     1 ||     6
         Lehudib's Crystal |       |       |       |       |       |       |       |   311 |   378 ||   689
         Shatter           |       |       |       |       |       |       |       |       |   465 ||   465
         Fire Storm        |       |       |       |       |       |       |       |       |   246 ||   246
 Invoke: Curse Item        |       |       |     2 |       |     4 |     2 |       |     1 |     7 ||    16
         Shatter the Chain |       |       |       |       |       |       |       |     2 |     6 ||     8
  Evoke: Phantom mirror    |       |       |       |       |     1 |       |     3 |     1 |     1 ||     6
         Phial of floods   |       |       |       |       |       |       |     1 |       |       ||     1
         Wand              |       |       |       |       |       |       |       |       |     1 ||     1
    Use: Scroll            |       |     6 |    12 |       |     2 |     2 |       |     1 |     8 ||    31
         Potion            |       |       |       |     1 |     1 |       |       |     4 |    31 ||    37
   Stab: Petrified         |       |       |       |       |     6 |    21 |   136 |    11 |       ||   174
         Distracted        |       |       |       |       |       |     2 |     5 |     3 |       ||    10
         Sleeping          |       |       |       |       |       |     2 |       |       |       ||     2
         Petrifying        |       |       |       |       |       |     1 |     9 |       |       ||    10
 Armour: Robe              |     3 |     3 |    18 |    13 |    79 |   112 |    41 |     2 |       ||   271
         Acid dragon scale |       |       |     7 |    32 |       |       |       |       |       ||    39
         Crystal plate arm |       |       |       |       |       |       |       |   216 |   118 ||   334
         Skin              |       |       |       |       |       |       |       |       |     1 ||     1
  Dodge: Dodged            |     8 |    25 |    83 |    85 |   186 |   317 |   186 |   103 |    82 ||  1075
  Block: Buckler           |       |       |    19 |    26 |       |       |       |       |       ||    45
         Kite shield       |       |       |       |    20 |   271 |   371 |   293 |   222 |    44 ||  1221
         Reflection        |       |       |       |       |       |     4 |    62 |    24 |       ||    90
         Tower shield      |       |       |       |       |       |       |       |       |   185 ||   185

Table legend: (Time is in decaauts)
 A = Elapsed time spent in this place.
 B = Non-inter-level travel time spent in this place.
 C = Inter-level travel time spent in this place.
 D = Time resting spent in this place.
 E = Time spent auto-exploring this place.
 F = Levels seen in this place.
 G = Mean time per level.
                   A        B        C        D        E       F      G
               +--------+--------+--------+--------+--------+-----+--------+
         Total |  78400 |  70818 |   7582 |  20425 |  35828 |  88 |  890.9 |
       Dungeon |  19959 |  16628 |   3331 |   2728 |  11171 |  15 | 1330.6 |
        Temple |     51 |     43 |      8 |      0 |     20 |   1 |   51.0 |
          Lair |   6558 |   5687 |    871 |    426 |   4048 |   5 | 1311.6 |
         Swamp |   4782 |   4628 |    154 |   2024 |   1518 |   4 | 1195.5 |
   Spider Nest |   7300 |   6801 |    499 |   2892 |   2588 |   4 | 1825.0 |
    Slime Pits |   1744 |   1666 |     78 |    670 |    436 |   5 |  348.8 |
  Orcish Mines |   2065 |   1664 |    401 |    131 |    906 |   2 | 1032.5 |
   Elven Halls |   3771 |   3694 |     77 |    958 |   1976 |   3 | 1257.0 |
        Vaults |  11148 |  10493 |    655 |   3293 |   4932 |   5 | 2229.6 |
        Depths |   5914 |   5347 |    567 |   1284 |   3085 |   4 | 1478.5 |
          Hell |   1790 |   1743 |     47 |    886 |    636 |   1 | 1790.0 |
           Dis |   4222 |   4005 |    217 |   2860 |    459 |   7 |  603.1 |
           Zot |   5301 |   4628 |    673 |    970 |   2811 |   5 | 1060.2 |
         Abyss |    594 |    594 |      0 |     44 |     80 |   6 |   99.0 |
      Ziggurat |   2768 |   2768 |      0 |   1121 |    955 |  20 |  138.4 |
       Volcano |    426 |    426 |      0 |    137 |    205 |   1 |  426.0 |
               +--------+--------+--------+--------+--------+-----+--------+

Top non-repeatable levels by time:
Spider:3: 2807 daAuts
Vaults:2: 2688 daAuts
Vaults:1: 2680 daAuts
   Dis:7: 2452 daAuts
Vaults:3: 2282 daAuts
Vaults:4: 2219 daAuts
   Elf:3: 1975 daAuts
    D:14: 1881 daAuts
   Zot:5: 1852 daAuts
Depths:4: 1816 daAuts
     D:8: 1802 daAuts
    Hell: 1790 daAuts
    D:10: 1786 daAuts
Spider:2: 1734 daAuts
    D:12: 1709 daAuts
